 Dungeon Sprint DCSS version 0.22.1-2-g9c5b331 (webtiles) character file.

1178 mimixer the Grappler (level 8, -1/89 HPs)
             Began as a Troll Berserker on Dec 6, 2018.
             Was a Priest of Trog.
             Succumbed to Sonja's curare-tipped needle
             ... in the Dungeon (Sprint I: "Red Sonja").
             The game lasted 00:05:58 (348 turns).

mimixer the Grappler (Troll Berserker)               Turns: 348, Time: 00:05:59

Health: -1/89      AC:  5    Str: 28    XL:     8   Next: 18%
Magic:  7/7        EV: 13    Int:  3    God:    Trog [***...]
Gold:   297        SH:  0    Dex:  9    Spells: 7/7 levels left

rFire    . . .     SeeInvis .     - Unarmed
rCold    . . .     Gourm    +   (no shield)
rNeg     . . .     Faith    .   a - +0 animal skin
rPois    .         Spirit   .   (helmet restricted)
rElec    .         Reflect  .   (no cloak)
rCorr    .         Harm     .   (gloves unavailable)
MR       .....     NoTele   +   (boots unavailable)
Stlth    +.........             (no amulet)
HPRegen  0.64/turn              (no ring)
MPRegen  0.10/turn              (no ring)

@: lethally poisoned (-1 -> -3), berserk cooldown, slowed, very slow
A: large, unfitting armour, claws 3, fast metabolism 3, gourmand, regeneration
1, shaggy fur 1, tough skin 2
a: Berserk, Trog's Hand, Renounce Religion


You were in the Dungeon.
You worshipped Trog.
Trog was most pleased with you.
You were very full.

You visited 1 branch You collected 297 gold pieces.

Inventory:

Armour
 a - a +0 animal skin (worn)
Wands
 i - a wand of flame (32)
Scrolls
 h - a scroll of blinking
Potions
 c - a potion of curing
 d - a potion of heal wounds
 e - a potion of haste
 f - 2 potions of magic
 g - a potion of berserk rage
Comestibles
 b - 2 rations


   Skills:
 + Level 8.5 Fighting
 + Level 8.9 Dodging
 + Level 11.7 Unarmed Combat


You had 7 spell levels left.
You didn't know any spells.
Your spell library was empty.

Dungeon Overview and Level Annotations

Branches:
Dungeon (1/1)

Altars:
Cheibriados
Dithmenos
Elyvilon
Fedhas
Gozag
Hepliaklqana
Kikubaaqudgha
Makhleb
Nemelex Xobeh
Okawaru
Qazlal
Ru
Sif Muna
Trog
Uskayaw
Vehumet
Wu Jian
Xom
Yredelemnul
Zin
The Shining One
Jiyva
Lugonu

Shops:
D [


Innate Abilities, Weirdness & Mutations

You are too large for most types of armour.
You have claws for hands.
Your metabolism is lightning-fast.
You like to eat raw meat.
Your natural rate of healing is unusually fast.
You are covered in fur. (AC +1)
You have very tough skin. (AC +2)


Message History

Your Dodging skill increases to level 8!
Your Unarmed Combat skill increases to level 11!
You have reached level 8!
* * * LOW HITPOINT WARNING * * *
You feel sick.
You are too berserk!
* * * LOW HITPOINT WARNING * * *
You feel sick.
Things that are here:
an uncursed dagger of draining; an uncursed enchanted blowgun You feel a strong urge to attack something.
* * * LOW HITPOINT WARNING * * *
You feel sick.
You are no longer berserk.
You are exhausted.
You feel as though you will be slow longer.
* * * LOW HITPOINT WARNING * * *
You feel sick.
You see here a curare-tipped needle.
You die...

#<.#..').#..'..#__#
#..'..#..').#..'..+
#.)#####'#####'#__#
#..## #..#...#!####
#..#__####.(##)#
#..#_____##'#_.+
#⌠⌠#_.∩...().._#
####_..__##_(#+#
#_____ ##@# ######
#.# $.$ #$.$# ##.##
#+#


There were no monsters in sight!

Vanquished Creatures
  Sonja (D)
  A slime creature (D)
  Sigmund (D)
  A yak (D)
  An ogre (D)
  A jelly (D)
  Ijyb (D)
7 creatures vanquished.

Notes
Turn   | Place    | Note
-------+----------+-------------------------------------------
     0 | D        | mimixer the Troll Berserker began the quest for the Orb.
     0 | D        | Reached XP level 1. HP: 22/22 MP: 0/0
     2 | D        | Noticed Ijyb
    25 | D        | Killed Ijyb
    25 | D        | Reached skill level 4 in Unarmed Combat
    25 | D        | Reached XP level 2. HP: 28/31 MP: 1/1
    41 | D        | Noticed an ogre
    45 | D        | Killed an ogre
    45 | D        | Reached skill level 5 in Fighting
    45 | D        | Reached skill level 6 in Unarmed Combat
    45 | D        | Reached XP level 3. HP: 3/42 MP: 2/2
    45 | D        | Reached XP level 4. HP: 4/50 MP: 3/3
   142 | D        | Noticed Sigmund
   152 | D        | Killed Sigmund
   152 | D        | Reached ** piety under Trog
   152 | D        | Reached skill level 8 in Unarmed Combat
   152 | D        | Reached XP level 5. HP: 47/59 MP: 4/4
   152 | D        | Reached XP level 6. HP: 54/67 MP: 5/5
   172 | D        | Found a burning altar of Makhleb.
   172 | D        | Found a viscous altar of Jiyva.
   172 | D        | Found a shimmering altar of Xom.
   172 | D        | Found a corrupted altar of Lugonu.
   172 | D        | Noticed a slime creature
   180 | D        | Killed a slime creature
   180 | D        | Reached skill level 9 in Unarmed Combat
   293 | D        | Found an ornate altar of the Wu Jian Council.
   293 | D        | Found a deep blue altar of Sif Muna.
   295 | D        | Found a radiant altar of Vehumet.
   322 | D        | Found Kamaguy's Armour Emporium.
   322 | D        | Found an ancient bone altar of Kikubaaqudgha.
   322 | D        | Found a hazy altar of Hepliaklqana.
   322 | D        | Found a stormy altar of Qazlal.
   322 | D        | Found a hide-covered altar of Uskayaw.
   322 | D        | Found a blossoming altar of Fedhas.
   322 | D        | Found a bloodstained altar of Trog.
   322 | D        | Found an iron altar of Okawaru.
   322 | D        | Found a basalt altar of Yredelemnul.
   322 | D        | Found a glowing golden altar of the Shining One.
   322 | D        | Found a snail-covered altar of Cheibriados.
   322 | D        | Found a sacrificial altar of Ru.
   322 | D        | Found a glowing silver altar of Zin.
   322 | D        | Found a shadowy altar of Dithmenos.
   322 | D        | Found a white marble altar of Elyvilon.
   322 | D        | Noticed a yak
   326 | D        | Killed a yak
   326 | D        | Reached *** piety under Trog
   326 | D        | Reached skill level 10 in Unarmed Combat
   326 | D        | Reached XP level 7. HP: 41/78 MP: 6/6
   327 | D        | Found an opulent altar of Gozag.
   328 | D        | Found a sparkling altar of Nemelex Xobeh.
   333 | D        | Noticed Sonja
   343 | D        | HP: 5/117 [poisoned by Sonja (curare-tipped needle)]
   343 | D        | HP: 2/117 [Sonja/uncursed dagger of draining (1)]
   344 | D        | Killed Sonja
   344 | D        | Reached skill level 11 in Unarmed Combat
   344 | D        | Reached XP level 8. HP: 2/89 MP: 7/7
   348 | D        | Succumbed to Sonja's curare-tipped needle

Skill      XL: |  1  2  3  4  5  6  7 |
---------------+----------------------+-----
Fighting       | 3 5 6 7 8 |  8.5
Dodging        | 3 4 6 7 8 |  8.9
Unarmed Combat | 4 6 8 10 11 | 11.7

Action                   |  1- 3 |  4- 6 |  7- 9 || total
-------------------------+-------+-------+-------++-------
Melee: Unarmed           |    22 |    19 |     6 ||    47
       Punch             |       |     2 |       ||     2
Invok: Berserk           |       |       |     1 ||     1
  Eat: Chunk             |     1 |     7 |       ||     8
Armor: Animal skin       |     4 |     3 |     6 ||    13
Dodge: Dodged            |     5 |     1 |    10 ||    16
